| TOP OF THE 1ST |
|
Ogden Raptors batting - Pitching for Johnson City Cardinals : RHP Danny Cook
|
|
Pitching: RHP Danny Cook
|
|
|
Batting: SHB Darius Vinson
|
0-0: Foul Ball, location: 2F 0-1: Ground out 1-3 (Groundball, 15S, EV 73.1 MPH)
|
|
Batting: LHB Mike Dickinson
|
0-0: Called Strike 0-1: Ball 1-1: Swinging Strike 1-2: Strikes out swinging
|
|
Batting: LHB Mitchell Casey
|
0-0: Ball 1-0: Called Strike 1-1: Ball 2-1: Ball 3-1: Foul Ball, location: 2F 3-2: Base on Balls
|
|
Batting: LHB Tore Bosch
|
0-0: Called Strike 0-1: Swinging Strike 0-2: Ball 1-2: Ground out 4-3 (Groundball, 4D, EV 104.4 MPH)
|
| Top of the 1st over - 0 runs, 0 hits, 0 errors, 1 left on base; Ogden 0 - Johnson City 0 |
| BOTTOM OF THE 1ST |
|
Johnson City Cardinals batting - Pitching for Ogden Raptors : RHP Cory Fischer
|
|
Pitching: RHP Cory Fischer
|
|
|
Batting: RHB Mario Mendoza
|
0-0: Foul Ball, location: 2F 0-1: Foul Ball, location: 2F 0-2: Ball 1-2: Foul Ball, location: 2F 1-2: Ball 2-2: Foul Ball, location: 2F 2-2: Reached on error, E1 (Groundball, 13, EV 66.2 MPH)
|
|
Batting: RHB Tim Cleary
|
0-0: SINGLE (Groundball, 56D, EV 98.1 MPH) (infield hit) Mario Mendoza to second
|
|
Batting: RHB Joe Alley
|
0-0: Called Strike 0-1: Ball 1-1: Called Strike 1-2: DOUBLE (Line Drive, 7LS, EV 95.6 MPH) Mario Mendoza scores Tim Cleary to third Runner from 3rd tries for Home, SAFE, throw by LF to trailing runner, OUT at third! 7-3-5
|
|
Batting: SHB Jason Kirby
|
0-0: Ball 1-0: Foul Ball, location: 2F 1-1: Called Strike 1-2: DOUBLE (Flyball, 78XD, EV 113.8 MPH)
|
|
Batting: RHB Pat Scaturro
|
0-0: Ball 1-0: Ball 2-0: Foul Ball, location: 2F 2-1: Ball 3-1: 2-RUN HOME RUN (Line Drive, 78XD, EV 115.0 MPH), Distance : 442 ft
|
|
Pitching: RHP Victor Delgado
|
|
|
Batting: RHB Fortunato Fteira
|
0-0: Ball 1-0: Called Strike 1-1: Ball 2-1: DOUBLE (Line Drive, 78M, EV 103.8 MPH)
|
|
Batting: RHB Brad Payne
|
0-0: Ball Wild Pitch! Fortunato Fteira to third 1-0: Called Strike 1-1: Ball 2-1: Fly out, F8 (Line Drive, 8LM, EV 105.6 MPH) Runner from 3rd tags up, OUT at HOME! 8-2
|
| Bottom of the 1st over - 4 runs, 5 hits, 1 error, 0 left on base; Ogden 0 - Johnson City 4 |
| TOP OF THE 2ND |
|
Ogden Raptors batting - Pitching for Johnson City Cardinals : RHP Danny Cook
|
|
Batting: RHB Kevin Ezell
|
0-0: Called Strike 0-1: Foul Ball, location: 2F 0-2: Ball 1-2: Fly out, F8 (Flyball, 8RD, EV 95.6 MPH)
|
|
Batting: RHB Charles Blatchford
|
0-0: Ball 1-0: Foul Ball, location: 2F 1-1: Foul Ball, location: 2F 1-2: Foul Ball, location: 2F 1-2: SINGLE (Groundball, 56D, EV 94.4 MPH)
|
|
Batting: RHB Luis Hinostroza
|
0-0: Ball 1-0: Ball 2-0: Called Strike 2-1: Foul Ball, location: 2F 2-2: Strikes out swinging
|
|
Batting: RHB Matt Alderson
|
0-0: Ground out 4-3 (Groundball, 4, EV 105.6 MPH)
|
| Top of the 2nd over - 0 runs, 1 hit, 0 errors, 1 left on base; Ogden 0 - Johnson City 4 |
| BOTTOM OF THE 2ND |
|
Johnson City Cardinals batting - Pitching for Ogden Raptors : RHP Victor Delgado
|
|
Batting: RHB Austin Akers
|
0-0: Ball 1-0: Ball 2-0: Ball 3-0: Called Strike 3-1: Base on Balls
|
|
Batting: RHB Geoff Musico
|
0-0: Ball 1-0: Called Strike Austin Akers steals 2nd, throwing error, E2 Austin Akers to third 1-1: Ball 2-1: Foul Ball, location: 2F 2-2: Foul Ball, location: 2F 2-2: Foul Ball, location: 2F 2-2: Ball 3-2: DOUBLE (Flyball, 78D, EV 97.5 MPH) Austin Akers scores
|
|
Pitching: RHP Ramon Luna
|
|
|
Batting: RHB Mario Mendoza
|
0-0: Called Strike 0-1: Called Strike 0-2: Strikes out swinging
|
|
Batting: RHB Tim Cleary
|
0-0: Called Strike 0-1: Ball 1-1: Foul Ball, location: 2F 1-2: Ground out 6-3 (Groundball, 6, EV 82.5 MPH)
|
|
Batting: RHB Joe Alley
|
0-0: Ball Wild Pitch! Geoff Musico to third 1-0: Ball 2-0: Foul Ball, location: 2F 2-1: Foul Ball, location: 2F 2-2: Ball 3-2: Base on Balls
|
|
Batting: SHB Jason Kirby
|
0-0: Ball 1-0: Called Strike 1-1: Ball 2-1: Fly out, F6 (Popup, 4MS, EV 76.2 MPH)
|
| Bottom of the 2nd over - 1 run, 1 hit, 1 error, 2 left on base; Ogden 0 - Johnson City 5 |
| TOP OF THE 3RD |
|
Ogden Raptors batting - Pitching for Johnson City Cardinals : RHP Danny Cook
|
|
Batting: SHB Josh Vaill
|
0-0: Called Strike 0-1: Foul Ball, location: 2F 0-2: Foul Ball, location: 2F 0-2: Foul Ball, location: 2F 0-2: Ball 1-2: Ball 2-2: Strikes out looking
|
|
Batting: SHB Darius Vinson
|
0-0: Foul Ball, location: 2F 0-1: Ball 1-1: Ball 2-1: Ball 3-1: Called Strike 3-2: Foul Ball, location: 2F 3-2: SINGLE (Line Drive, 3L, EV 102.5 MPH)
|
|
Batting: LHB Mike Dickinson
|
0-0: Ball 1-0: Called Strike 1-1: Ball 2-1: Foul Ball, location: 2F 2-2: Ball Wild Pitch! Darius Vinson to second 3-2: Base on Balls
|
|
Batting: LHB Mitchell Casey
|
0-0: Ball 1-0: Ball 2-0: Called Strike 2-1: Foul Ball, location: 2F 2-2: Fielders Choice at 2nd, 6-4 (Groundball, 6, EV 81.9 MPH) Darius Vinson to third
|
|
Batting: LHB Tore Bosch
|
0-0: Fly out, F5 (Line Drive, 5, EV 64.4 MPH)
|
| Top of the 3rd over - 0 runs, 1 hit, 0 errors, 2 left on base; Ogden 0 - Johnson City 5 |
| BOTTOM OF THE 3RD |
|
Johnson City Cardinals batting - Pitching for Ogden Raptors : RHP Ramon Luna
|
|
Batting: RHB Pat Scaturro
|
0-0: Called Strike 0-1: Called Strike 0-2: Ball 1-2: Ball 2-2: SOLO HOME RUN (Flyball, 78XD, EV 108.8 MPH), Distance : 412 ft
|
|
Pitching: RHP Ian Wilson
|
|
|
Batting: RHB Fortunato Fteira
|
0-0: Called Strike 0-1: Ball 1-1: Ball 2-1: Ground out 6-3 (Groundball, 56, EV 88.1 MPH)
|
|
Batting: RHB Brad Payne
|
0-0: Ball 1-0: Foul Ball, location: 2F 1-1: Called Strike 1-2: Foul Ball, location: 2F 1-2: Fly out, F9 (Flyball, 9S, EV 86.2 MPH)
|
|
Batting: RHB Austin Akers
|
0-0: Foul Ball, location: 2F 0-1: Swinging Strike 0-2: Ball 1-2: Ball 2-2: Ball 3-2: TRIPLE (Flyball, 9D, EV 101.2 MPH)
|
|
Batting: RHB Geoff Musico
|
0-0: Ball 1-0: Foul Ball, location: 2F 1-1: Foul Ball, location: 2F 1-2: DOUBLE (Line Drive, 89XD, EV 103.1 MPH) Austin Akers scores
|
|
Pitching: RHP Charles Durand
|
|
|
Batting: RHB Mario Mendoza
|
0-0: Ball 1-0: Ball 2-0: Ground out 6-3 (Groundball, 56, EV 86.9 MPH)
|
| Bottom of the 3rd over - 2 runs, 3 hits, 0 errors, 1 left on base; Ogden 0 - Johnson City 7 |
| TOP OF THE 4TH |
|
Ogden Raptors batting - Pitching for Johnson City Cardinals : RHP Danny Cook
|
|
Batting: RHB Kevin Ezell
|
0-0: SINGLE (Line Drive, 8LM, EV 110.6 MPH)
|
|
Batting: RHB Charles Blatchford
|
0-0: Called Strike 0-1: Grounds into double play, 6-4-3 (Groundball, 56, EV 101.9 MPH)
|
|
Batting: RHB Luis Hinostroza
|
0-0: Called Strike 0-1: Foul Ball, location: 2F 0-2: Ball 1-2: Ball 2-2: Foul Ball, location: 2F 2-2: Ground out 5-3 (Groundball, 56, EV 82.5 MPH)
|
| Top of the 4th over - 0 runs, 1 hit, 0 errors, 0 left on base; Ogden 0 - Johnson City 7 |
| BOTTOM OF THE 4TH |
|
Johnson City Cardinals batting - Pitching for Ogden Raptors : RHP Charles Durand
|
|
Batting: RHB Tim Cleary
|
0-0: Ball 1-0: SINGLE (Line Drive, 4D, EV 99.4 MPH)
|
|
Batting: RHB Joe Alley
|
0-0: Called Strike Tim Cleary steals 2nd base 0-1: Ball 1-1: 2-RUN HOME RUN (Flyball, 9D, EV 97.5 MPH), Distance : 377 ft
|
|
Batting: SHB Jason Kirby
|
0-0: SOLO HOME RUN (Flyball, 9LD, EV 95.6 MPH), Distance : 334 ft
|
|
Batting: RHB Pat Scaturro
|
0-0: Ball 1-0: Ball 2-0: Ball 3-0: Called Strike 3-1: Foul Ball, location: 2F 3-2: Base on Balls
|
|
Batting: RHB Fortunato Fteira
|
0-0: Called Strike 0-1: Ball 1-1: Called Strike 1-2: Foul Ball, location: 2F 1-2: Strikes out swinging
|
|
Pitching: RHP Justin Donovan
|
|
|
Batting: RHB Brad Payne
|
0-0: Ball 1-0: Called Strike 1-1: Swinging Strike 1-2: Ball 2-2: Strikes out swinging
|
|
Batting: RHB Austin Akers
|
0-0: Ball 1-0: Swinging Strike Passed Ball! Pat Scaturro to second 1-1: Ball 2-1: Swinging Strike 2-2: Strikes out looking
|
| Bottom of the 4th over - 3 runs, 3 hits, 0 errors, 1 left on base; Ogden 0 - Johnson City 10 |
| TOP OF THE 5TH |
|
Ogden Raptors batting - Pitching for Johnson City Cardinals : RHP Danny Cook
|
|
Batting: RHB Matt Alderson
|
0-0: SINGLE (Groundball, 56D, EV 95.6 MPH)
|
|
Batting: SHB Josh Vaill
|
0-0: Ball 1-0: Ball 2-0: Called Strike 2-1: Foul Ball, location: 2F 2-2: Strikes out looking
|
|
Batting: SHB Darius Vinson
|
0-0: Ball 1-0: Foul Ball, location: 2F 1-1: Ball 2-1: Foul Ball, location: 2F 2-2: SINGLE (Groundball, 4S, EV 77.5 MPH) (infield hit) Matt Alderson to second
|
|
Batting: LHB Mike Dickinson
|
0-0: Ball 1-0: Ball 2-0: Ball 3-0: Called Strike 3-1: SINGLE (Groundball, 56D, EV 95.0 MPH) Matt Alderson to third Darius Vinson to second Runner from 3rd tries for Home, SAFE, throw by LF to home
|
|
Pitching: RHP Joe Cornell
|
|
|
Batting: LHB Mitchell Casey
|
0-0: Ball 1-0: Foul Ball, location: 2F 1-1: Ball 2-1: Ball 3-1: Base on Balls Darius Vinson to third Mike Dickinson to second
|
|
Batting: LHB Tore Bosch
|
0-0: Ball Wild Pitch! Darius Vinson scores Mike Dickinson to third Mitchell Casey to second 1-0: Fly out, F6 (Popup, 5D, EV 46.9 MPH)
|
|
Batting: RHB Kevin Ezell
|
0-0: Ball 1-0: Ball 2-0: Foul Ball, location: 2F 2-1: Swinging Strike 2-2: Foul Ball, location: 2F 2-2: Foul Ball, location: 2F 2-2: Ball 3-2: Strikes out swinging
|
| Top of the 5th over - 2 runs, 3 hits, 0 errors, 2 left on base; Ogden 2 - Johnson City 10 |
| BOTTOM OF THE 5TH |
|
Johnson City Cardinals batting - Pitching for Ogden Raptors : RHP Justin Donovan
|
|
Batting: RHB Geoff Musico
|
0-0: Foul Ball, location: 2F 0-1: Ball 1-1: SINGLE (Flyball, 3D, EV 93.1 MPH)
|
|
Batting: RHB Mario Mendoza
|
0-0: Called Strike 0-1: Ball 1-1: Swinging Strike 1-2: Foul Ball, location: 2F 1-2: Strikes out swinging
|
|
Batting: RHB Tim Cleary
|
0-0: Fielders Choice at 2nd, 6-4 (Groundball, 6, EV 105.6 MPH)
|
|
Batting: RHB Joe Alley
|
0-0: Ball 1-0: Called Strike Tim Cleary steals 2nd base 1-1: Ball 2-1: Ball 3-1: Base on Balls
|
|
Batting: SHB Jason Kirby
|
0-0: Swinging Strike 0-1: 3-RUN HOME RUN (Flyball, 78XD, EV 115.6 MPH), Distance : 430 ft
|
|
Pitching: RHP Gary Ming
|
|
|
Batting: RHB Pat Scaturro
|
0-0: Called Strike 0-1: Ball 1-1: Ball 2-1: Ball 3-1: Base on Balls
|
|
Batting: RHB Fortunato Fteira
|
0-0: Called Strike 0-1: Ball 1-1: Ball 2-1: Ball 3-1: Called Strike 3-2: Base on Balls Pat Scaturro to second
|
|
Batting: RHB Brad Payne
|
0-0: Called Strike 0-1: Ball 1-1: Ball 2-1: Ball 3-1: Base on Balls Pat Scaturro to third Fortunato Fteira to second
|
|
Batting: RHB Austin Akers
|
0-0: Foul Ball, location: 2F 0-1: Fly out, F7 (Flyball, 78D, EV 91.9 MPH)
|
| Bottom of the 5th over - 3 runs, 2 hits, 0 errors, 3 left on base; Ogden 2 - Johnson City 13 |
| TOP OF THE 6TH |
|
Ogden Raptors batting - Pitching for Johnson City Cardinals : RHP Joe Cornell
|
|
Batting: RHB Charles Blatchford
|
0-0: Called Strike 0-1: Ball 1-1: Fly out, F9 (Flyball, 9D, EV 96.2 MPH)
|
|
Batting: RHB Luis Hinostroza
|
0-0: Ball 1-0: Ball 2-0: Ball 3-0: Called Strike 3-1: Base on Balls
|
|
Batting: RHB Matt Alderson
|
0-0: Called Strike 0-1: Ball 1-1: Ball Wild Pitch! Luis Hinostroza to second 2-1: Ground out 5-3 (Groundball, 56, EV 85.0 MPH)
|
|
Batting: SHB Josh Vaill
|
0-0: Called Strike 0-1: Ball 1-1: Called Strike 1-2: Foul Ball, location: 2F 1-2: Strikes out looking
|
| Top of the 6th over - 0 runs, 0 hits, 0 errors, 1 left on base; Ogden 2 - Johnson City 13 |
| BOTTOM OF THE 6TH |
|
Johnson City Cardinals batting - Pitching for Ogden Raptors : RHP Gary Ming
|
|
Pitching: RHP Santiago Chavira
|
|
|
Batting: RHB Geoff Musico
|
0-0: Called Strike 0-1: Foul Ball, location: 2F 0-2: Ball 1-2: Strikes out looking
|
|
Batting: RHB Mario Mendoza
|
0-0: Ball 1-0: Foul Ball, location: 2F 1-1: Foul Ball, location: 2F 1-2: Foul Ball, location: 2F 1-2: SINGLE (Groundball, 6MD, EV 108.1 MPH)
|
|
Batting: RHB Tim Cleary
|
0-0: Called Strike 0-1: SINGLE (Line Drive, 4D, EV 99.4 MPH) Mario Mendoza to second
|
|
Batting: RHB Joe Alley
|
0-0: Called Strike 0-1: Ball 1-1: Ball 2-1: Ball 3-1: Base on Balls Mario Mendoza to third Tim Cleary to second
|
|
Batting: SHB Jason Kirby
|
0-0: Called Strike 0-1: Called Strike 0-2: Ball Wild Pitch! Mario Mendoza scores Tim Cleary to third Joe Alley to second 1-2: Ball 2-2: Ball 3-2: Base on Balls
|
|
Pitching: RHP Bob Magana
|
|
|
Batting: RHB Pat Scaturro
|
0-0: Foul Ball, location: 2F 0-1: Hit by Pitch Tim Cleary scores Joe Alley to third Jason Kirby to second
|
|
Batting: RHB Fortunato Fteira
|
0-0: Ball 1-0: Ball 2-0: Fielders Choice at 2nd, 6-4 (Groundball, 56, EV 83.1 MPH) Joe Alley scores Jason Kirby to third
|
|
Batting: RHB Brad Payne
|
0-0: Called Strike 0-1: Ball 1-1: Ball 2-1: Ball 3-1: Base on Balls Fortunato Fteira to second
|
|
Batting: RHB Austin Akers
|
0-0: Fielders Choice at 2nd, 6-4 (Groundball, 6, EV 86.9 MPH)
|
| Bottom of the 6th over - 3 runs, 2 hits, 0 errors, 3 left on base; Ogden 2 - Johnson City 16 |
| TOP OF THE 7TH |
|
Ogden Raptors batting - Pitching for Johnson City Cardinals : RHP Joe Cornell
|
|
Pitching: RHP Ray Strehler
|
|
|
Batting: SHB Darius Vinson
|
0-0: Ground out 6-3 (Groundball, 6, EV 81.2 MPH)
|
|
Batting: LHB Mike Dickinson
|
0-0: Ball 1-0: Ball 2-0: Swinging Strike 2-1: Fly out, F5 (Line Drive, 5, EV 73.8 MPH)
|
|
Batting: LHB Mitchell Casey
|
0-0: Called Strike 0-1: Swinging Strike 0-2: Ball 1-2: Ball 2-2: Ball 3-2: Foul Ball, location: 2F 3-2: Strikes out swinging
|
| Top of the 7th over - 0 runs, 0 hits, 0 errors, 0 left on base; Ogden 2 - Johnson City 16 |
| BOTTOM OF THE 7TH |
|
Johnson City Cardinals batting - Pitching for Ogden Raptors : RHP Bob Magana
|
|
Batting: RHB Geoff Musico
|
0-0: Ball 1-0: Called Strike 1-1: Ball 2-1: Ground out 4-3 (Groundball, 4MD, EV 103.1 MPH)
|
|
Batting: RHB Mario Mendoza
|
0-0: Ball 1-0: Ground out 5-3 (Groundball, 5L, EV 87.5 MPH)
|
|
Batting: RHB Tim Cleary
|
0-0: Called Strike 0-1: Ball 1-1: Ground out 5-3 (Groundball, 56S, EV 75.0 MPH)
|
| Bottom of the 7th over - 0 runs, 0 hits, 0 errors, 0 left on base; Ogden 2 - Johnson City 16 |
| TOP OF THE 8TH |
|
Ogden Raptors batting - Pitching for Johnson City Cardinals : RHP Ray Strehler
|
|
Batting: LHB Tore Bosch
|
0-0: Ball 1-0: Called Strike 1-1: Fly out, F8 (Flyball, 8LD, EV 89.4 MPH)
|
|
Batting: RHB Kevin Ezell
|
0-0: SINGLE (Groundball, 6D, EV 101.9 MPH)
|
|
Batting: RHB Charles Blatchford
|
0-0: Ball 1-0: Swinging Strike 1-1: Ball 2-1: Ball 3-1: Foul Ball, location: 2F 3-2: Base on Balls Kevin Ezell to second
|
|
Batting: RHB Luis Hinostroza
|
0-0: Foul Ball, location: 2F 0-1: Foul Ball, location: 2F 0-2: Strikes out swinging
|
|
Batting: RHB Matt Alderson
|
0-0: Ball 1-0: Called Strike 1-1: Foul Ball, location: 2F 1-2: Fielders Choice at 2nd, 5-4 (Groundball, 5L, EV 100.6 MPH)
|
| Top of the 8th over - 0 runs, 1 hit, 0 errors, 2 left on base; Ogden 2 - Johnson City 16 |
| BOTTOM OF THE 8TH |
|
Johnson City Cardinals batting - Pitching for Ogden Raptors : RHP Bob Magana
|
|
Batting: RHB Joe Alley
|
0-0: Ball 1-0: Foul Ball, location: 2F 1-1: Foul Ball, location: 2F 1-2: Ball 2-2: Ball 3-2: Foul Ball, location: 2F 3-2: SOLO HOME RUN (Flyball, 9D, EV 96.2 MPH), Distance : 369 ft
|
|
Batting: SHB Jason Kirby
|
0-0: Foul Ball, location: 2F 0-1: Swinging Strike 0-2: Foul Ball, location: 2F 0-2: Reached on error, E6 (Groundball, 6, EV 80.6 MPH)
|
|
Batting: RHB Pat Scaturro
|
0-0: Ball 1-0: Ball 2-0: Called Strike 2-1: Ball 3-1: Base on Balls Jason Kirby to second
|
|
Batting: RHB Fortunato Fteira
|
0-0: Ball 1-0: Called Strike 1-1: Ball 2-1: Ball Wild Pitch! Jason Kirby to third Pat Scaturro to second 3-1: Base on Balls
|
|
Batting: RHB Brad Payne
|
0-0: Foul Ball, location: 2F 0-1: Called Strike 0-2: Strikes out looking
|
|
Batting: RHB Austin Akers
|
0-0: Ball 1-0: Ball 2-0: Ball 3-0: Called Strike 3-1: Called Strike 3-2: Base on Balls Jason Kirby scores Pat Scaturro to third Fortunato Fteira to second
|
|
Batting: RHB Geoff Musico
|
0-0: Reached on error, E5 (Groundball, 56, EV 85.0 MPH) Pat Scaturro scores Fortunato Fteira to third Austin Akers to second
|
|
Batting: RHB Mario Mendoza
|
0-0: Foul Ball, location: 2F 0-1: GRAND SLAM HOME RUN (Line Drive, 9D, EV 100.0 MPH), Distance : 390 ft
|
|
Batting: RHB Tim Cleary
|
0-0: Ball 1-0: Ball 2-0: Called Strike 2-1: Foul Ball, location: 2F 2-2: Foul Ball, location: 2F 2-2: Strikes out swinging
|
|
Batting: RHB Joe Alley
|
0-0: Ball 1-0: Called Strike 1-1: Swinging Strike 1-2: Ball 2-2: Ball 3-2: Strikes out swinging
|
| Bottom of the 8th over - 7 runs, 2 hits, 2 errors, 0 left on base; Ogden 2 - Johnson City 23 |
| TOP OF THE 9TH |
|
Ogden Raptors batting - Pitching for Johnson City Cardinals : RHP Ray Strehler
|
|
Batting: SHB Josh Vaill
|
0-0: Ball 1-0: Ball 2-0: Ball 3-0: Called Strike 3-1: DOUBLE (Flyball, 78D, EV 110.6 MPH)
|
|
Pitching: LHP Carlos Salcido
|
|
|
Batting: SHB Darius Vinson
|
0-0: SINGLE (Groundball, 6D, EV 107.5 MPH) Josh Vaill to third
|
|
Batting: LHB Mike Dickinson
|
0-0: Ball 1-0: Called Strike 1-1: SINGLE (Groundball, 3D, EV 103.8 MPH) Josh Vaill scores Darius Vinson to second
|
|
Batting: LHB Mitchell Casey
|
0-0: Ball 1-0: Foul Ball, location: 2F 1-1: Ball 2-1: Ball 3-1: Foul Ball, location: 2F 3-2: Foul Ball, location: 2F 3-2: Foul Ball, location: 2F 3-2: Foul Ball, location: 2F 3-2: Base on Balls Darius Vinson to third Mike Dickinson to second
|
|
Batting: LHB Tore Bosch
|
0-0: Called Strike 0-1: Ball 1-1: Swinging Strike 1-2: Ball 2-2: Ball 3-2: Strikes out swinging
|
|
Batting: RHB Kevin Ezell
|
0-0: Ball 1-0: Fly out, F9 (Flyball, 9LM, EV 92.5 MPH)
|
|
Batting: RHB Charles Blatchford
|
0-0: Swinging Strike 0-1: Called Strike 0-2: DOUBLE (Flyball, 78XD, EV 96.9 MPH) Darius Vinson scores Mike Dickinson scores Mitchell Casey to third
|
|
Batting: RHB Luis Hinostroza
|
0-0: Called Strike 0-1: Swinging Strike 0-2: Ball 1-2: Foul Ball, location: 2F 1-2: Ball 2-2: Strikes out swinging
|
| Top of the 9th over - 3 runs, 4 hits, 0 errors, 2 left on base; Ogden 5 - Johnson City 23 |
|